Map: Romanticide LE

Players

Trap

  • Race: Protoss Protoss
  • League: Master

DPGCure (Cure) - Winner!

  • Race: Terran Terran
  • League: Master

VOD

Have the link to the VOD?

Description

Time

  • Played on: April 28, 2021, 4:33 a.m.
  • Length: 9:27
Show
View Real Time Build Order
Export as new Build Order

Trap Protoss 

Build Orders: 1 Gate Expand, Blink Stalkers 

Get SALT Encoding   

  12  0:00  Probe  
  13  0:12  Probe  
  14  0:18  Pylon  
  14  0:24  Probe (Chrono Boost)  
  15  0:37  Gateway, Probe (Chrono Boost)  
  16  0:45  Probe (Chrono Boost)  
  16  0:46  Assimilator  
  17  0:51  Probe  
  18  1:03  Probe  
  19  1:15  Probe  
  20  1:23  Cybernetics Core  
  20  1:33  Nexus  
  20  1:39  Pylon  
  20  1:42  Probe  
  21  1:49  Assimilator  
  20  1:54  Probe  
  20  1:57  Stalker (Chrono Boost)  
  23  2:02  Warp Gate  
  23  2:06  Probe  
  24  2:18  Probe  
  25  2:23  Twilight Council  
  25  2:25  Adept (Chrono Boost)  
  27  2:30  Probe  
  29  2:45  Probe (Chrono Boost)  
  29  2:47  Probe (Chrono Boost)  
  30  2:54  Probe (Chrono Boost)  
  30  2:57  Probe (Chrono Boost), Blink (Chrono Boost)  
  32  3:00  Probe  
  32  3:04  Stalker  
  35  3:06  Probe  
  36  3:13  Gateway  
  36  3:14  Probe (Chrono Boost)  
  38  3:23  Probe (Chrono Boost)  
  38  3:25  Robotics Facility  
  39  3:28  Probe (Chrono Boost)  
  39  3:33  Probe x2 (Chrono Boost)  
  41  3:42  Probe, Pylon  
  41  3:43  Probe  
  41  3:46  Assimilator  
  43  3:50  Sentry  
  43  3:54  Probe  
  46  4:00  Probe  
  47  4:03  Nexus  
  47  4:06  Pylon  
  47  4:07  Probe  
  48  4:12  Probe, Observer  
  48  4:15  Stalker  
  52  4:18  Stalker  
  52  4:24  Probe x2  
  56  4:36  Probe x2  
  55  4:48  Probe x2  
  55  4:55  Stalker x2  
  55  4:57  Observer  
  55  4:59  Charge  
  60  5:00  Probe x2 (Chrono Boost)  
  60  5:01  Pylon  
  60  5:02  Observer  
  60  5:10  Probe (Chrono Boost)  
  60  5:11  Probe (Chrono Boost)  
  62  5:17  Probe (Chrono Boost)  
  62  5:20  Probe x2 (Chrono Boost)  
  65  5:22  Gateway  
  65  5:23  Gateway  
  65  5:24  Probe (Chrono Boost)  
  65  5:25  Gateway  
  65  5:28  Probe (Chrono Boost), Sentry x2  
  71  5:33  Probe  
  71  5:34  Probe  
  73  5:36  Warp Prism (Chrono Boost)  
  73  5:38  Probe  
  76  5:44  Pylon  
  76  5:46  Probe x2  
  78  5:51  Probe  
  79  5:57  Gateway x2  
  79  6:01  Gateway  
  79  6:02  Sentry  
  79  6:03  Zealot  
  83  6:06  Immortal  
  83  6:10  Observer  
  87  6:11  Shield Battery  
  87  6:14  Shield Battery  
  87  6:15  Pylon  
  87  6:20  Zealot x2  
  87  6:21  Zealot  
  93  6:30  Pylon  
  93  6:33  Probe x3  
  93  6:39  Zealot x2  
  100  6:40  Templar Archives  
  100  6:46  Pylon  
  100  6:47  Pylon, Immortal (Chrono Boost)  
  100  6:53  Shield Battery  
  104  6:55  Zealot x2  
  106  7:02  Zealot  
  106  7:04  Zealot x4  
  106  7:08  Pylon  
  112  7:11  Pylon  
  112  7:13  Psionic Storm  
  103  7:15  Zealot x3  
  103  7:25  Probe x2  
  103  7:26  Probe  
  103  7:29  Stalker x4  
  99  7:37  Assimilator  
  99  7:38  Assimilator  
  99  7:42  Forge  
  99  7:44  Zealot x3  
  99  7:48  Probe x2  
  99  7:49  Probe  
  99  7:51  Assimilator  
  108  7:57  Forge  
  108  7:59  Pylon, Observer  
  108  8:02  High Templar x2  
  112  8:14  High Templar  
  112  8:15  Zealot x4  
  122  8:21  Gateway  
  122  8:23  Gateway  
  122  8:36  Zealot x3  
  122  8:38  Zealot x3  
  119  8:52  Zealot  
  113  8:57  Sentry  
  113  8:58  Zealot x4, Sentry  
  111  9:12  High Templar  
  113  9:20  Zealot x7  
  113  9:23  Nexus  
Show
View Real Time Build Order
Export as new Build Order

DPGCure Terran - Winner!

Build Orders:  

Get SALT Encoding   

  12  0:00  SCV  
  13  0:12  SCV  
  14  0:17  Supply Depot  
  14  0:24  SCV  
  15  0:38  SCV  
  15  0:39  Barracks  
  15  0:42  Refinery  
  16  0:51  SCV  
  17  1:03  SCV  
  18  1:15  SCV  
  19  1:25  Marine  
  19  1:27  Orbital Command  
  20  1:42  Command Center  
  20  1:52  SCV  
  21  1:55  Factory  
  21  2:01  Barracks Reactor  
  21  2:04  SCV  
  22  2:08  Bunker  
  22  2:14  Supply Depot  
  22  2:18  SCV  
  23  2:24  Refinery  
  23  2:36  SCV  
  24  2:38  Marine  
  24  2:39  Marine  
  24  2:41  Starport  
  26  2:47  Widow Mine  
  26  2:48  SCV  
  29  2:57  Orbital Command  
  29  3:00  SCV  
  29  3:02  Marine  
  29  3:05  Marine  
  32  3:09  Widow Mine  
  32  3:12  SCV  
  35  3:18  Medivac  
  37  3:23  Supply Depot  
  37  3:25  SCV x2  
  39  3:30  Widow Mine  
  39  3:32  Marine x2  
  43  3:37  SCV  
  43  3:38  SCV  
  45  3:46  Supply Depot  
  45  3:49  Starport Tech Lab, SCV  
  45  3:50  SCV  
  45  3:54  Factory Tech Lab, Marine x2  
  49  4:01  SCV  
  49  4:02  SCV  
  51  4:09  Raven  
  53  4:12  Supply Depot  
  53  4:13  SCV  
  53  4:14  Barracks, SCV  
  53  4:15  Marine x2  
  57  4:25  SCV  
  57  4:26  SCV  
  57  4:28  Siege Tank  
  62  4:35  Marine x2, Engineering Bay  
  62  4:37  SCV  
  62  4:38  SCV  
  66  4:48  Refinery  
  66  4:49  SCV  
  66  4:50  SCV  
  66  4:53  Supply Depot  
  66  4:54  Barracks  
  66  4:55  Marine x2  
  68  5:01  Terran Infantry Weapons Level 1  
  68  5:04  SCV x2  
  68  5:06  Starport Reactor  
  70  5:07  Refinery  
  70  5:13  Marine x2  
  70  5:15  Marauder  
  70  5:16  Stimpack, Supply Depot  
  70  5:17  SCV x2  
  74  5:23  Factory Reactor  
  74  5:26  Supply Depot  
  74  5:27  Supply Depot  
  74  5:33  SCV x2  
  74  5:34  Marine x2  
  78  5:38  Marauder, Supply Depot  
  80  5:46  Medivac x2  
  84  5:56  Marine x2  
  84  5:57  Combat Shield, Command Center  
  88  6:02  Marauder x2  
  92  6:04  Widow Mine, Supply Depot  
  92  6:05  Widow Mine  
  96  6:14  Barracks, Marine x2  
  96  6:16  Barracks  
  96  6:24  Marauder  
  96  6:25  Marauder  
  100  6:28  Medivac x2  
  100  6:30  Widow Mine  
  100  6:31  Marine x2  
  100  6:32  Widow Mine  
  110  6:38  Supply Depot  
  110  6:40  Supply Depot  
  110  6:41  SCV  
  110  6:42  SCV  
  112  6:49  Marauder x2, Marine x2  
  118  6:55  Terran Infantry Armor Level 1  
  118  6:56  SCV  
  118  6:57  SCV  
  116  7:06  Barracks Tech Lab  
  116  7:07  Barracks Reactor, Marine  
  117  7:08  SCV  
  117  7:09  SCV  
  117  7:10  Marauder  
  117  7:19  Marine  
  117  7:20  Marauder  
  117  7:22  Widow Mine x2, Medivac  
  119  7:25  Marine  
  119  7:26  Orbital Command  
  107  7:32  Marauder  
  107  7:35  SCV  
  107  7:36  SCV  
  107  7:37  Marauder  
  111  7:41  Concussive Shells  
  111  7:44  Marauder, Marine x2  
  111  7:47  Widow Mine  
  111  7:50  Orbital Command  
  117  7:52  Widow Mine  
  117  7:53  Marauder  
  117  7:56  Viking x2  
  117  7:58  Marauder, Marine  
  127  8:03  Marine x2  
  130  8:06  Marauder  
  130  8:15  Marauder  
  130  8:16  Marine x2  
  130  8:19  Marauder  
  136  8:20  SCV x3  
  136  8:25  Armory  
  136  8:26  Engineering Bay  
  141  8:27  Marauder  
  141  8:33  SCV x3  
  144  8:43  Marine x2  
  144  8:44  Marauder x2  
  144  8:48  Marauder, Marine x2  
  147  8:51  Widow Mine x2  
  149  9:01  Supply Depot  
  149  9:02  Supply Depot  
  147  9:06  Marauder x2, Marine  
  147  9:09  Refinery  
Tags
 
Add a new tag
Caveats
  • Supply blocks, unpowered buildings, or Contaminate may cause inaccurate times.
  • Supply counts are checked every 10 seconds.